 Dungeon Crawl Stone Soup version 0.21.0-37-g46506fa (webtiles) character file.

229 hexophile the Ruffian (level 5, 0/50 HPs)
             Began as a Troll Monk on Jan 30, 2018.
             Killed by divine providence
             ... invoked by an orc priest
              (13 damage)
             ... on level 4 of the Dungeon.
             The game lasted 00:02:49 (2565 turns).

hexophile the Ruffian (Troll Monk)                  Turns: 2565, Time: 00:02:50

Health: 0/50       AC:  6    Str: 20    XL:     5   Next: 71%
Magic:  4/4        EV: 10    Int:  6    God:
Gold:   190        SH:  0    Dex: 12    Spells: 4/4 levels left

rFire    . . .     SeeInvis .     - Unarmed
rCold    . . .     Gourm    +   (no shield)
rNeg     . . .     Faith    .   a - +0 robe
rPois    .         Spirit   .   r - +1 hat
rElec    .         Reflect  .   (no cloak)
rCorr    .         Harm     .   (gloves unavailable)
MR       .....                  (boots unavailable)
Stlth    ++........             (no amulet)
HPRegen  0.56/turn              k - ring of wizardry {Wiz+}
MPRegen  0.09/turn              (no ring)

@: flying
A: large, unfitting armour, claws 3, fast metabolism 3, gourmand, regeneration
1, shaggy fur 1, tough skin 2
a: no special abilities


You were on level 4 of the Dungeon.
You were full.

You visited 1 branch of the dungeon, and saw 4 of its levels.

You collected 190 gold pieces.


Innate Abilities, Weirdness & Mutations

You are too large for most types of armour.
You have claws for hands.
Your metabolism is lightning-fast.
You like to eat raw meat.
Your natural rate of healing is unusually fast.
You are covered in fur. (AC +1)
You have very tough skin. (AC +2)

Inventory:

Hand Weapons
 w - a +2 whip of electrocution
Missiles
 j - 6 needles of sleeping
Armour
 a - a +0 robe (worn)
 r - a +1 hat (worn)
Jewellery
 k - a ring of wizardry (left claw) {Wiz+}
Scrolls
 c - 2 scrolls of identify {unknown}
 e - 2 scrolls of amnesia {unknown}
 g - 2 scrolls of enchant weapon {unknown}
 h - 3 scrolls of immolation {unknown}
 i - a scroll of teleportation {unknown}
 m - 3 scrolls of remove curse {unknown}
 o - 2 scrolls of fog {unknown}
 q - a scroll of blinking {unknown}
 t - a scroll of noise {unknown}
Potions
 f - 4 potions of mutation {unknown}
 l - a potion of resistance {unknown}
 n - 2 potions of haste {unknown}
 p - a potion of heal wounds {unknown}
 s - a potion of curing {unknown}
 u - a potion of agility {unknown}
 x - a potion of lignification {unknown}
Comestibles
 b - 7 rations


You had 4 spell levels left.
You didn't know any spells.


   Skills:
 - Level 2.4 Fighting
 - Level 2.4 Dodging
 - Level 1.0 Stealth
 * Level 6.5 Unarmed Combat

Dungeon Overview and Level Annotations

Branches:
Dungeon (4/15)
 Temple: D:4-7

Altars:

Vault maps used:
D:1:      onia_arrival_mini_maze_b, hangedman_decor_points,
          grunt_decor_mini_mirrors, fountainhead, fountainhead
D:2:      first_ration
D:3:      uniq_jessica
D:4:      grunt_temple_overflow_champion_of_chaos, palyth_stone_intersect,
          uniq_robin
You       could see a black bear and an orc priest.


Message History

You closely miss the ball python. The ball python closely misses you.
A ball python is nearby!
You closely miss the ball python.
The ball python bites you but does no damage.
You claw the ball python!
You kill the ball python!
No target in view!
You see here a ball python corpse.
No target in view!
No target in view!
No target in view!
No target in view!
Found a stone staircase leading down.
No target in view!
An orc priest comes into view. It is wielding a dagger.
The orc priest shouts!
You hear a shout!
You see here a bubbling coppery potion.
A black bear and an orc priest come into view.
You see here a bubbling coppery potion.
The black bear growls angrily.
You hear a shout!
The orc priest looks braver for a moment.
You mangle the orc priest!!
You kill the orc priest!
The orc priest mumbles some strange prayers to Beogh against you.
Beogh smites you! !MASSIVE DAMAGE!
YOU LOST 16 HP!
You have now: 34/50 HP.
You scratch the black bear.
The black bear is lightly wounded.
The black bear bites you but does no damage.
The black bear claws you. x2
You lost 5 HP.
You have now: 29/50 HP.
Unknown command.
It was a potion of flight.
You feel very buoyant.
You fly up into the air.
The orc priest calls down the wrath of Beogh upon you.
Beogh smites you!
* * * LOW HITPOINT WARNING * * *
The black bear bites you.
* * * LOW HITPOINT WARNING * * *
The black bear claws you but does no damage.
The black bear closely misses you.
An orc priest comes into view.
It is wielding a dagger. !MASSIVE DAMAGE!
YOU LOST 18 HP!
You have now: 12/50 HP.
Unknown command.
The orc priest mumbles some strange prayers to Beogh against you.
Beogh smites you!
You die...

Action                   |  1- 3 |  4- 6 || total
-------------------------+-------+-------++-------
Melee: Unarmed           |   120 |    61 ||   181
       Punch             |     1 |     3 ||     4
       Whip              |       |     9 ||     9
  Use: Potion            |       |     1 ||     1
 Stab: Sleeping          |     4 |       ||     4
  Eat: Chunk             |    15 |    11 ||    26
Armor: Robe              |    40 |    21 ||    61
Dodge: Dodged            |    52 |    25 ||    77

Notes
Turn   | Place    | Note
-------+----------+-------------------------------------------
     0 | D:1      | hexophile the Troll Monk began the quest for the Orb.
     0 | D:1      | Reached XP level 1. HP: 22/22 MP: 0/0
   130 | D:1      | Reached XP level 2. HP: 27/29 MP: 1/1
   402 | D:1      | Reached skill level 4 in Unarmed Combat
   558 | D:1      | Reached XP level 3. HP: 34/36 MP: 2/2
  1404 | D:2      | Reached XP level 4. HP: 44/44 MP: 3/3
  1440 | D:2      | Reached skill level 5 in Unarmed Combat
  2034 | D:3      | Noticed Jessica
  2040 | D:3      | Killed Jessica
  2096 | D:3      | Reached XP level 5. HP: 40/50 MP: 4/4
  2238 | D:3      | Reached skill level 6 in Unarmed Combat
  2555 | D:4      | Noticed a black bear
  2565 | D:4      | Killed from afar by an orc priest

Table legend:
 A = Turns spent in this place as a percentage of turns spent in the entire game.
 B = Non-inter-level travel turns spent in this place as a percentage of non-inter-level travel turns spent in the entire game.
 C = Inter-level travel turns spent in this place as a percentage of turns spent in this place.
 D = Turns resting spent in this place as a percentage of non-inter-level travel turns spent in this place.
 E = Turns spent auto-exploring this place as a percentage of non-inter-level travel turns spent in this place.
 F = Non-inter-level travel turns spent in this place divided by the number of levels of this place that you've seen.
                   A       B       C       D       E      F
               +-------+-------+-------+-------+-------+----------------------
         Total | 100.0 | 100.0 |   3.6 |   0.0 |  77.1 | 618.0
       Dungeon | 100.0 | 100.0 |   3.6 |   0.0 |  77.1 | 618.0
               +-------+-------+-------+-------+-------+----------------------

Table legend:
 A = Kills in this place as a percentage of kills in entire the game.
 B = Kills by you in this place as a percentage of kills by you in the entire game.
 C = Kills by friends in this place as a percentage of kills by friends in the entire game.
 D = Other kills in this place as a percentage of other kills in the entire game.
 E = Experience gained in this place as a percentage of experience gained in the entire game.
 F = Experience gained in this place divided by the number of levels of this place that you have seen.
                   A       B       C       D       E      F
               +-------+-------+-------+-------+-------+----------------------
         Total | 100.0 | 100.0 |   N/A |   N/A | 100.0 |  82.0
       Dungeon | 100.0 | 100.0 |   N/A |   N/A | 100.0 |  82.0
               +-------+-------+-------+-------+-------+----------------------

Vanquished Creatures
  An orc priest (D:4)
  Jessica (D:3)
  4 gnolls (D:3)
  5 adders
  3 oozes
  4 worms
  2 dart slugs (D:1)
  3 leopard geckos
  6 bats
  2 giant cockroaches
  7 goblins
  6 hobgoblins
  5 jackals (D:1)
  A quokka (D:3)
  2 ball pythons
  3 frilled lizards
  5 kobolds
  10 rats
  A plant (D:1)
71 creatures vanquished.
